 Dungeon Crawl Stone Soup version 0.30-a0-696-g2367cd04db (webtiles) character file.

Game seed: 9452722340752156875

1846 KennySheep the Tainter (level 9, 0/68 HPs)
             Began as a Naga Venom Mage on Jan 21, 2023.
             Was an Initiate of Vehumet.
             Slain by a sky beast (6 damage)
             ... on level 6 of the Dungeon.
             The game lasted 00:24:16 (7280 turns).

KennySheep the Tainter (Naga Venom Mage)            Turns: 7280, Time: 00:24:17

Health: 0/68       AC:  6    Str: 10    XL:     9   Next: 12%
Magic:  14/17      EV:  9    Int: 21    God:    Vehumet [......]
Gold:   371        SH:  5    Dex: 11    Spells: 7/18 levels left

rFire   + . .      SeeInvis +    c - staff of cold
rCold   + . .      Faith    .    (no shield)
rNeg    . . .      Spirit   .    p - +1 robe of the Louse {rF+}
rPois   +          Reflect  +    y - +1 hat
rElec   .          Harm     .    (no cloak)
rCorr   .          Rampage  .    (no gloves)
Will    +....                    (no barding)
Stlth   ++                       f - amulet of reflection
HPRegen 0.31/turn                (no ring)
MPRegen 0.15/turn                (no ring)

@: very slow
A: AC +3, large, see invisible, deformed body, poison resistance, slowness 2,
spit poison 1, naga tail 1
a: Spit Poison, Renounce Religion


You were on level 6 of the Dungeon.
You worshipped Vehumet.
Vehumet was noncommittal.
You visited 2 branches of the dungeon, and saw 7 of its levels.

You collected 371 gold pieces.

Inventory:

Armour
 a - a +0 robe
 p - the +1 robe of the Louse (worn) {rF+}
   (You found it on level 2 of the Dungeon)

   rF:        It protects you from fire.
 u - +0 acid dragon scales
 y - a +1 hat (worn)
Magical Staves
 c - a staff of cold (weapon)
Jewellery
 f - an amulet of reflection (around neck)
 h - an amulet of magic regeneration
 m - a ring of protection from fire
Wands
 g - a wand of polymorph (8)
 o - a wand of iceblast (17)
Scrolls
 d - 4 scrolls of blinking
 e - a scroll of immolation
 i - a scroll of noise {unknown}
 j - a scroll of enchant armour {unknown}
 k - 5 scrolls of teleportation
 l - 3 scrolls of amnesia
 n - 6 scrolls of identify
 r - 3 scrolls of fog
 w - a scroll of acquirement {unknown}
Potions
 b - 4 potions of magic
 q - a potion of heal wounds
 s - a potion of curing
 t - a potion of berserk rage {unknown}
 v - a potion of flight
 x - a potion of invisibility {unknown}


   Skills:
 - Level 1.5 Dodging
 - Level 3.0 Stealth
 + Level 5.3 Spellcasting
 - Level 4.5 Conjurations
 - Level 1.0 Transmutations
 - Level 4.4 Ice Magic
 * Level 9.1 Poison Magic
 + Level 4.0 Evocations


You had 7 spell levels left.
You knew the following spells:

 Your Spells              Type           Power      Damage    Failure   Level
a - Sting                 Tmut/Pois      100%       1d8       1%          1
b - Mephitic Cloud        Conj/Pois/Air  24%        N/A       4%          3
c - Hailstorm             Conj/Ice       36%        3d9       4%          3
d - Olgreb's Toxic Radia  Pois           44%        N/A       2%          4

Your spell library contained the following spells:

 Spells                   Type           Power      Damage    Failure   Level
 Poisonous Vapours        Pois/Air       48%        N/A       2%          2
 Static Discharge         Conj/Air       30%        2-4/arc   6%          2
 Scorch                   Fire           10%        2d6       16%         2
 Vhi's Electric Charge    Tloc/Air       10%        N/A       30%         3
 Ice Form                 Ice/Tmut       25%        N/A       32%         4
 Flame Wave               Conj/Fire      15%        2d7       38%         4
 Arcjolt                  Conj/Air       7%         1d17      75%         5
 Lightning Bolt           Conj/Air       7%         1d20      75%         5
 Simulacrum               Ice/Necr       11%        N/A       99%         6
 Summon Cactus Giant      Summ           2%         N/A       100%        6


Dungeon Overview and Level Annotations

Branches:
Dungeon (6/15)             Temple (1/1) D:5

Altars:
Ashenzari
Cheibriados
Dithmenos
Elyvilon
Fedhas
Gozag
Hepliaklqana
Kikubaaqudgha
Makhleb
Nemelex Xobeh
Okawaru
Qazlal
Ru
Trog
Uskayaw
Vehumet
Wu Jian
Xom
Yredelemnul
Zin
The Shining One


Innate Abilities, Weirdness & Mutations

Your serpentine skin is tough. (AC +3)
You have supernaturally acute eyesight. (SInv)
Armour fits poorly on your strangely shaped body.
Your system is resistant to poisons. (rPois)
You cover ground very slowly.
You can spit poison.
You have a snake-like lower body.


Message History

Confirm with . or Enter, or press ? or * to list all spells.
Okay, then.
Aiming: Polymorph
Press: ? - help, Shift-Dir - straight line, f/p - acid dragon
Aim: an acid dragon (will become a bat, a fire bat, or a sky beast, chance to affect: 59%)
The acid dragon evaporates and reforms as a sky beast!
The sky beast hits you. The sky beast shocks you.
* * * LOW HITPOINT WARNING * * *
Casting: Olgreb's Toxic Radiance (dangerous; 2% risk of failure)
Confirm with . or Enter, or press ? or * to list all spells.
You begin to radiate toxic energy.
The sky beast is poisoned.
You block the sky beast's attack.
You closely miss the sky beast.
The sky beast is lightly wounded.
The sky beast looks even sicker.
The sky beast hits you.
* * * LOW HITPOINT WARNING * * *
The sky beast shocks you.
* * * LOW HITPOINT WARNING * * *
You closely miss the sky beast.
The sky beast is moderately wounded.
Your toxic aura wanes.
The sky beast barely misses you.
You barely miss the sky beast.
The sky beast is moderately wounded.
You block the sky beast's attack.
You hit the sky beast.
The sky beast is heavily wounded.
The sky beast hits you.
* * * LOW HITPOINT WARNING * * *
The sky beast shocks you.
* * * LOW HITPOINT WARNING * * *
You barely miss the sky beast.
The sky beast is severely wounded.
You block the sky beast's attack. The sky beast misses you.
You hit the sky beast.
The sky beast is almost dead.
The sky beast hits you.
* * * LOW HITPOINT WARNING * * *
The sky beast shocks you.
You die...

..####
#.........#
≈≈≈#
#.........#
...#
#.........#
..?#
#.........#
~...
#.........#
..#..
#.........#
#+##.>
#.........#
#..
#.........#
#..@......#
###Y#######
#.# #.# #.#
#...#
..Y>###
####. #


You could see a sky beast (poisoned).

Vanquished Creatures
  Maggie (D:6)
  2 black bears (D:6)
  2 ogres (D:5)
  2 phantoms
  A kobold brigand (D:6)
  A bullfrog (D:4)
  2 necrophages
  2 scorpions (D:4)
  2 howler monkeys
  A jelly (D:6)
  6 hounds
  A gnoll bouda (D:4)
  2 orc wizards
  2 iguanas
  3 gnolls (D:6)
  15 adders
  2 white imps
  An ufetubus (D:4)
  A worm (D:4)
  4 dart slugs
  5 orcs
  A bat (D:3)
  6 endoplasms
  A giant cockroach (D:1)
  11 goblins
  9 hobgoblins
  7 jackals
  2 quokkas
  10 ball pythons
  6 frilled lizards
  11 kobolds
  4 rats
126 creatures vanquished.

Notes
Turn   | Place    | Note
-------+----------+-------------------------------------------
     0 | D:1      | KennySheep the Naga Venom Mage began the quest for the Orb.
     0 | D:1      | Reached XP level 1. HP: 15/15 MP: 3/3
   211 | D:1      | Reached XP level 2. HP: 19/22 MP: 1/5
   224 | D:1      | Learned a level 2 spell: Poisonous Vapours
   730 | D:1      | Reached XP level 3. HP: 24/28 MP: 2/6
  1037 | D:2      | Reached skill level 1 in Conjurations
  1085 | D:2      | Reached skill level 1 in Ice Magic
  1336 | D:2      | Reached XP level 4. HP: 32/36 MP: 2/7
  1340 | D:2      | Learned a level 3 spell: Hailstorm
  1809 | D:2      | Identified the +1 robe of the Louse {rF+}
  1820 | D:2      | Reached XP level 5. HP: 37/42 MP: 5/9
  2863 | D:4      | Found a bloodstained altar of Trog.
  2958 | D:4      | Reached XP level 6. HP: 18/49 MP: 0/10
  3651 | D:4      | Reached XP level 7. HP: 52/55 MP: 6/12
  4397 | D:5      | Entered Level 5 of the Dungeon
  4725 | D:5      | Learned a level 3 spell: Mephitic Cloud
  4730 | D:5      | Learned a level 4 spell: Olgreb's Toxic Radiance
  4836 | D:5      | Reached skill level 5 in Poison Magic
  4836 | D:5      | Reached skill level 1 in Evocations
  4958 | D:5      | Reached XP level 8. HP: 28/62 MP: 7/14
  5201 | D:5      | Reached skill level 6 in Poison Magic
  5986 | D:5      | Found a staircase to the Ecumenical Temple.
  6165 | Temple   | Entered the Ecumenical Temple
  6165 | Temple   | Found a transporter.
  6165 | Temple   | Found a transporter.
  6167 | Temple   | Found a transporter.
  6167 | Temple   | Found a transporter.
  6200 | Temple   | Became a worshipper of Vehumet
  6260 | D:6      | Noticed Maggie
  6276 | D:6      | Killed Maggie
  6277 | D:6      | Reached skill level 7 in Poison Magic
  6430 | D:6      | Reached skill level 8 in Poison Magic
  6461 | D:6      | Reached skill level 5 in Spellcasting
  6463 | D:6      | HP: 1/58 [black bear (9)]
  6785 | D:6      | Reached XP level 9. HP: 6/68 MP: 9/16
  7007 | D:6      | Found an iron altar of Okawaru.
  7064 | D:6      | Reached skill level 9 in Poison Magic
  7280 | D:6      | Slain by a sky beast

Illustrated notes

Levels and vault maps discovered:
D:1:      dpeg_arrival_arbitrary_c, layout_basic
D:2:      layout_basic, minmay_snake_closets
D:3:      layout_basic
D:4:      minmay_chambers_of_twos, layout_gridville,
          mainiacjoe_overflow_brackets, minivault_23,
          amcnicky_mini_corridor_feature
D:5:      layout_loops_ring, lemuel_temple_firewalk_b
D:6:      layout_basic, okawaru_metal_pillars_3, serial_rivers,
          chequers_serial_rivers_micro_a, chequers_serial_rivers_room_b,
          chequers_serial_rivers_micro_e, chequers_serial_rivers_micro_b,
          uniq_maggie
Temple:   hellmonk_temple_divided_pantheon

Skill      XL: |  1  2  3  4  5  6  7  8  9 |
---------------+----------------------------+-----
Conjurations   | 1 2 3 4 |  4.5
Ice Magic      | 1 2 3 4 |  4.4
Spellcasting   | 3 4 5 |  5.3
Poison Magic   | 5 8 9 |  9.1
Evocations     | 1 3 4 |  4.0
Dodging        | |  1.5
Stealth        | |  3.0
Transmutations | |  1.0

Action                   |  1- 3 |  4- 6 |  7- 9 || total
-------------------------+-------+-------+-------++-------
Melee: Staff             |    42 |    20 |   209 ||   271
       Unarmed           |     4 |       |       ||     4
       Punch             |     1 |       |     3 ||     4
 Cast: Sting             |    53 |   121 |    46 ||   220
       Hailstorm         |       |       |    11 ||    11
       Olgreb's Toxic Ra |       |       |    17 ||    17
       Mephitic Cloud    |       |       |     4 ||     4
Evoke: Wand              |       |       |     8 ||     8
  Use: Scroll            |     2 |       |     3 ||     5
       Potion            |       |     2 |     5 ||     7
Armor: Robe              |     7 |    18 |    62 ||    87
       Skin              |       |       |     8 ||     8
Dodge: Dodged            |    43 |    35 |    96 ||   174
Block: Other             |    18 |    17 |    59 ||    94
       Reflection        |       |     1 |       ||     1

Table legend: (Time is in decaauts)
 A = Elapsed time spent in this place.
 B = Non-inter-level travel time spent in this place.
 C = Inter-level travel time spent in this place.
 D = Time resting spent in this place.
 E = Time spent auto-exploring this place.
 F = Levels seen in this place.
 G = Mean time per level.
                   A        B        C        D        E       F      G
               +--------+--------+--------+--------+--------+-----+--------+
         Total |   8611 |   8413 |    198 |   1560 |   5503 |   7 | 1230.1 |
       Dungeon |   8544 |   8355 |    189 |   1560 |   5495 |   6 | 1424.0 |
        Temple |     66 |     57 |      9 |      0 |      8 |   1 |   66.0 |
               +--------+--------+--------+--------+--------+-----+--------+

Top non-repeatable levels by time:
     D:5: 2211 daAuts
     D:4: 1916 daAuts
     D:2: 1153 daAuts
     D:1: 1150 daAuts
     D:3: 1088 daAuts
     D:6: 1024 daAuts
  Temple: 66 daAuts
